 Dungeon Crawl Stone Soup version 0.22.1-1-ga44c0e5 (webtiles) character file.

29 dvd the Firebug (level 3, -1/21 HPs)
             Began as an Octopode Fire Elementalist on Nov 6, 2018.
             Slain by a kobold
             ... wielding a +0 whip
              (5 damage)
             ... on level 1 of the Dungeon.
             The game lasted 00:02:33 (692 turns).

dvd the Firebug (Octopode Fire Elementalist)         Turns: 692, Time: 00:02:34

Health: -1/21      AC:  1    Str:  7    XL:     3   Next: 16%
Magic:  1/6        EV: 13    Int: 18    God:
Gold:   37         SH:  0    Dex: 12    Spells: 3/6 levels left

rFire    . . .     SeeInvis .   i - -2 falchion (curse)
rCold    . . .     Gourm    .   (no shield)
rNeg     . . .     Faith    .   (helmet restricted)
rPois    .         Spirit   .   (no amulet)
rElec    .         Reflect  .   (no ring)
rCorr    .         Harm     .   (no ring)
MR       .....                  (no ring)
Stlth    +++.......             (no ring)
HPRegen  0.07/turn              (no ring)
MPRegen  0.10/turn              (no ring)
                                (no ring)
                                (no ring)

@: no status effects
A: almost no armour, stealthy swim, amphibious, 8 rings, constrict 8, camouflage
1, gelatinous body 1
a: no special abilities


You were on level 1 of the Dungeon.
You were not hungry.

You visited 1 branch of the dungeon, and saw 1 of its levels.

You collected 37 gold pieces.

Inventory:

Hand Weapons
 e - a +0 dagger
 f - a +0 short sword
 i - a cursed -2 falchion (weapon)
Scrolls
 d - a scroll of identify {unknown}
 g - a scroll of blinking {unknown}
 j - a scroll of fear {unknown}
Potions
 a - a potion of lignification {unknown}
 c - a potion of curing {unknown}
Comestibles
 b - 4 rations
 h - a chunk of flesh


   Skills:
 + Level 2.2 Dodging
 + Level 2.8 Stealth
 + Level 2.2 Spellcasting
 + Level 1.1 Conjurations
 + Level 3.8 Fire Magic


You had 3 spell levels left.
You knew the following spells:

 Your Spells              Type           Power        Failure   Level  Hunger
a - Flame Tongue          Conj/Fire      ##...        6%          1    #......
b - Throw Flame           Conj/Fire      ##....       10%         2    ###....

Your spell library contained the following spells:

 Spells                   Type           Power        Failure   Level  Hunger
 Conjure Flame            Conj/Fire      ##......     19%         3    ###....
 Inner Flame              Hex/Fire       #.......     24%         3    ###....
 Sticky Flame             Conj/Fire      ##......     54%         4    #####..
 Fireball                 Conj/Fire      ##........   87%         5    ######.


Dungeon Overview and Level Annotations

Branches:
Dungeon (1/15)

Altars:
Okawaru


Innate Abilities, Weirdness & Mutations

You cannot wear most types of armour.
You are very stealthy in the water. (Stealth+)
You are amphibious.
You can wear up to eight rings at the same time.
You can use your tentacles to constrict eight enemies at once.
Your skin changes colour to match your surroundings (Stealth+).
Your rubbery body absorbs attacks. (AC +1, EV +1)


Message History

You squeeze the leopard gecko.
You kill the leopard gecko!
Casting: Flame Tongue (safe; 6% risk of failure)
Confirm with . or Enter, or press ? or * to list all spells.
Aiming: Flame Tongue (safe; 6% risk of failure)
Press: ? - help, Shift-Dir - straight line, f - kobold
Aim: a kobold, wielding a whip The flame tongue hits the kobold.
The kobold is moderately wounded.
The kobold hits you with a whip.
* * * LOW HITPOINT WARNING * * *
Unknown command.
Casting: Flame Tongue (safe; 6% risk of failure)
Confirm with . or Enter, or press ? or * to list all spells.
Aiming: Flame Tongue (safe; 6% risk of failure)
Press: ? - help, Shift-Dir - straight line, f/p - kobold
Aim: a kobold, wielding a whip The flame tongue hits the kobold.
The kobold appears unharmed.
The kobold hits you with a whip.
You die...

###..K.Kl#...# #.#.##...
.##.##.#.#...# ####.#.##...
....##.#.#...#########.#....##...
......[........†.......##.#.##...
.........############..##...##...
.#.......# ##.##.#.##...
.##..####### #..#.#.#####
.#.........###########..#.#######
...............K@......(.........
...#######.#######.###....#######
...## #.### #...# #.....# ....#
#...###.### ##....# ....#
###.....# ###..# ....# #.#.#.#
#..# ....# #.....# #.... ....#
#.#.#### ..## ....# #.#.#..#


You could see a kobold.

Vanquished Creatures
  2 leopard geckos (D:1)
  3 giant cockroaches (D:1)
  2 goblins (D:1)
  4 hobgoblins (D:1)
  2 jackals (D:1)
  6 kobolds (D:1)
  3 bats (D:1)
  A rat (D:1)
23 creatures vanquished.

Notes
Turn   | Place    | Note
-------+----------+-------------------------------------------
     0 | D:1      | dvd the Octopode Fire Elementalist began the quest for the
                  | Orb.
     0 | D:1      | Reached XP level 1. HP: 11/11 MP: 3/3
   197 | D:1      | Reached XP level 2. HP: 17/17 MP: 0/5
   289 | D:1      | Learned a level 2 spell: Throw Flame
   621 | D:1      | Found an iron altar of Okawaru.
   648 | D:1      | Reached XP level 3. HP: 9/21 MP: 4/6
   692 | D:1      | Slain by a kobold

Action                   || total
-------------------------++-------
Melee: Unarmed           ||     4
       Dagger            ||     9
       Tentacles         ||     4
       Constrict         ||     4
       Falchion          ||     2
 Cast: Flame Tongue      ||    31
       Throw Flame       ||     1
 Stab: Sleeping          ||     1
Armor: Skin              ||     2
Dodge: Dodged            ||    26
       Rpst.: Falchion   ||     2
